 Dungeon Crawl Stone Soup version 0.24-a0-22-g2a401c0 (console) character file.

Game seed: 3452999293802295166

226 Voker57 the Slasher (level 5, 0/39 HPs)
             Began as a Demonspawn Gladiator on Feb 1, 2019.
             Slain by a worker ant (6 damage)
             ... on level 4 of the Dungeon.
             The game lasted 00:03:42 (3429 turns).

Voker57 the Slasher (Demonspawn Gladiator)          Turns: 3429, Time: 00:03:43

Health: 0/39       AC:  4    Str: 14    XL:     5   Next: 69%
Magic:  5/5        EV: 14    Int:  9    God:
Gold:   151        SH:  4    Dex: 16    Spells: 4/4 levels left

rFire    . . .     SeeInvis .   b - +0 dagger (venom)
rCold    . . .     Gourm    .   (no shield)
rNeg     . . .     Faith    .   m - +0 leather armour
rPois    .         Spirit   .   c - +0 helmet
rElec    .         Reflect  .   (no cloak)
rCorr    .         Harm     .   (no gloves)
MR       .....                  (no boots)
Stlth    ++........             (no amulet)
HPRegen  0.13/turn              (no ring)
MPRegen  0.09/turn              (no ring)

@: no status effects
A: large bone plates 1, powered by pain 2
a: no special abilities


You were on level 4 of the Dungeon.
You were not hungry.

You visited 1 branch of the dungeon, and saw 4 of its levels.

You collected 151 gold pieces.

Inventory:

Hand Weapons
 a - a +0 long sword
 b - a +0 dagger of venom (weapon)
Missiles
 d - 2 throwing nets (quivered)
Armour
 c - a +0 helmet (worn)
 m - a +0 leather armour (worn)
Scrolls
 e - a scroll of teleportation
 g - 2 scrolls of identify
 l - 2 scrolls of noise
Potions
 j - a potion of magic
 k - a potion of brilliance
 n - a potion of resistance {unknown}
Comestibles
 f - 8 rations
 h - a chunk of flesh


   Skills:
 + Level 2.7 Fighting
 + Level 4.0 Long Blades
 + Level 1.9 Throwing
 + Level 1.6 Armour
 + Level 3.7 Dodging
 + Level 1.6 Stealth


You had 4 spell levels left.
You didn't know any spells.
Your spell library was empty.

Dungeon Overview and Level Annotations

Branches:
Dungeon (4/15)
 Temple: D:4-7

Altars:
Gozag
Vehumet
Wu Jian


Innate Abilities, Weirdness & Mutations

You are partially covered in large bone plates. (SH +4)
You sometimes gain power by taking damage.


Message History

You hit the ogre.
The ogre is poisoned.
The ogre is moderately wounded.
You barely miss the ogre.
The ogre is heavily wounded.
You block the ogre's attack.
An orc comes into view. It is wielding a +0 dagger.
The orc shouts!
You see here the felid skeleton of Natasha.
There is a stone staircase leading up here.
The ogre looks more healthy.
You hit the ogre.
The ogre is poisoned.
The ogre is almost dead.
The ogre hits you with a +0 giant club!
* * * LOW HITPOINT WARNING * * *
You kill the ogre!
Your Long Blades skill increases to level 4!
You hit the worker ant.
The worker ant is lightly wounded.
The worker ant bites you.
You die...

#<#
#.#
#.#
#.#
#.#
#o#
#o#
#.#
#a#
#@#
#.#
#.#
#.#
#.#
#.#
#.#
#.#


You could see a worker ant and 2 orcs.

Vanquished Creatures
  An ogre (D:4)
  Natasha (D:4)
  4 adders
  An ooze (D:1)
  2 worms (D:2)
  A dart slug (D:1)
  4 leopard geckos
  An orc (D:3)
  3 ball pythons
  4 bats
  4 giant cockroaches
  7 goblins
  5 hobgoblins
  2 jackals (D:2)
  9 kobolds
  A quokka (D:3)
  7 frilled lizards
  6 rats
63 creatures vanquished.

Notes
Turn   | Place    | Note
-------+----------+-------------------------------------------
     0 | D:1      | Voker57 the Demonspawn Gladiator began the quest for the
                  | Orb.
     0 | D:1      | Reached XP level 1. HP: 16/16 MP: 1/1
    62 | D:1      | Gained mutation: You are partially covered in large bone
                  | plates. (SH +4) [demonic ancestry]
    62 | D:1      | Reached XP level 2. HP: 19/22 MP: 2/2
   369 | D:1      | Reached skill level 3 in Long Blades
   440 | D:1      | Gained mutation: You sometimes gain a little power by
                  | taking damage. [demonic ancestry]
   440 | D:1      | Reached XP level 3. HP: 27/27 MP: 3/3
  1030 | D:2      | Found an opulent altar of Gozag.
  1658 | D:2      | Found a radiant altar of Vehumet.
  1698 | D:2      | Gained mutation: You sometimes gain power by taking damage.
                  | [demonic ancestry]
  1698 | D:2      | Reached XP level 4. HP: 30/34 MP: 4/4
  2029 | D:2      | Found an ornate altar of the Wu Jian Council.
  3189 | D:3      | Reached skill level 1 in Armour
  3189 | D:3      | Reached skill level 1 in Stealth
  3359 | D:4      | Noticed Natasha
  3364 | D:4      | Killed Natasha
  3364 | D:4      | Reached XP level 5. HP: 31/39 MP: 5/5
  3401 | D:4      | Noticed an ogre
  3426 | D:4      | Killed an ogre
  3426 | D:4      | Reached skill level 4 in Long Blades
  3429 | D:4      | Slain by a worker ant

Vault maps used:
D:1:      dpeg_arrival_long_road
D:2:      vehumet_crystals, old_standard_altar, old_standard_altar, first_ration
D:4:      nicolae_overflow_crystal_walls, kennysheep_little_box,
          marbit_many_paths, elyvilon_altar_3,
          minmay_temple_entry_drinking_statues, uniq_natasha, uniq_eustachio

Skill      XL: |  1  2  3  4  5 |
---------------+----------------+-----
Dodging        | 3 |  3.7
Long Blades    | 3 4 |  4.0
Armour         | 1 |  1.6
Stealth        | 1 |  1.6
Fighting       | |  2.7
Throwing       | |  1.9

Action                   |  1- 3 |  4- 6 || total
-------------------------+-------+-------++-------
Melee: Long sword        |   160 |    50 ||   210
       Dagger            |       |     4 ||     4
Throw: Throwing net      |     1 |     1 ||     2
  Use: Scroll            |     6 |       ||     6
 Stab: Held in net/web   |     2 |     2 ||     4
       Sleeping          |     1 |     2 ||     3
  Eat: Ration            |     1 |       ||     1
       Chunk             |       |     5 ||     5
Armor: Leather armour    |    29 |    13 ||    42
Dodge: Dodged            |   111 |    32 ||   143
Block: Other             |    27 |     7 ||    34
       Rpst.: Long sword |    31 |    12 ||    43

Table legend:
 A = Non-vault XP
 B = Vault XP
 C = Vault XP percentage of total XP
 D = Non-vault monster count
 E = Vault monster count
 F = Vault count percentage of total count
                 A         B        C        D         E       F
            +---------+---------+-------+---------+---------+-------
      Total |     288 |      35 |  10.8 |      62 |       1 |   1.6
            +---------+---------+-------+---------+---------+-------
        D:1 |      46 |       0 |   0.0 |      24 |       0 |   0.0
        D:2 |      80 |       0 |   0.0 |      21 |       0 |   0.0
        D:3 |      41 |       0 |   0.0 |      16 |       0 |   0.0
        D:4 |     121 |      35 |  22.4 |       1 |       1 |  50.0
            +---------+---------+-------+---------+---------+-------
